 Dungeon Crawl Stone Soup version 0.29.1-1-gd02db6906a (webtiles) character file.

Game seed: 12007426515996064847

463 LustLizard the Slasher (level 6, -3/49 HPs)
             Began as a Demonspawn Fighter on Oct 3, 2022.
             Was a Follower of Okawaru.
             Slain by an ogre
             ... wielding a +0 giant club
              (24 damage)
             ... on level 4 of the Dungeon.
             The game lasted 00:09:26 (4784 turns).

LustLizard the Slasher (Demonspawn Fighter)         Turns: 4784, Time: 00:09:26

Health: -3/49      AC: 10    Str: 16    XL:     6   Next: 79%
Magic:  6/6        EV:  6    Int:  9    God:    Okawaru [*.....]
Gold:   223        SH:  9    Dex: 15    Spells: 5/5 levels left

rFire   . . .      SeeInvis .   a - +0 long sword
rCold   . . .      Faith    .   c - +0 buckler
rNeg    . . .      Spirit   .   o - +0 chain mail
rPois   .          Reflect  .   (no helmet)
rElec   .          Harm     .   (no cloak)
rCorr   +          Rampage  .   B - +0 pair of gloves
Will    .....                   (no boots)
Stlth   ..........              (no amulet)
HPRegen 0.16/turn               y - ring of resist corrosion
MPRegen 0.10/turn               (no ring)

@: no status effects
A: condensation shield
a: Renounce Religion, Heroism


You were on level 4 of the Dungeon.
You worshipped Okawaru.
Okawaru was aware of your devotion.
You visited 1 branch of the dungeon, and saw 4 of its levels.
You also visited: Sewer.

You collected 223 gold pieces.

Inventory:

Hand Weapons
 a - a +0 long sword (weapon)
Missiles
 e - 17 poisoned darts (quivered)
 i - 5 curare-tipped darts
 j - 44 stones
Armour
 b - a +0 scale mail
 c - a +0 buckler (worn)
 o - a +0 chain mail (worn)
 B - a +0 pair of gloves (worn)
Jewellery
 y - a ring of resist corrosion (left hand)
Scrolls
 g - a scroll of enchant weapon {unknown}
 h - 3 scrolls of teleportation
 n - 3 scrolls of noise
 p - a scroll of fear {unknown}
 r - 2 scrolls of vulnerability {unknown}
 s - 3 scrolls of identify {unknown}
 v - 2 scrolls of brand weapon {unknown}
 A - a scroll of poison {unknown}
 C - a scroll of summoning {unknown}
 D - a scroll of silence {unknown}
Potions
 d - a potion of might
 f - a potion of attraction {unknown}
 k - 2 potions of mutation {unknown}
 l - a potion of lignification {unknown}
 m - 6 potions of flight
 q - 3 potions of resistance {unknown}
 t - a potion of cancellation {unknown}
 u - a potion of ambrosia {unknown}
 w - a potion of brilliance {unknown}
 x - 4 potions of curing {unknown}
 z - 2 potions of degeneration


   Skills:
 + Level 4.3 Fighting
 * Level 4.4 Long Blades
 + Level 3.9 Armour
 + Level 4.0 Shields


You had 5 spell levels left.
You didn't know any spells.
Your spell library contained the following spells:

 Spells                   Type           Power      Damage    Failure   Level
 Stone Arrow              Conj/Erth      0%         3d7       100%        3
 Lehudib's Crystal Spear  Conj/Erth      0%         10d2      100%        8
 Animate Armour           Summ/Erth      Unusable   N/A       N/A         4

Dungeon Overview and Level Annotations

Branches:
Dungeon (4/15)              Sewer (visited)
 Temple: D:4-7

Altars:
Okawaru
Qazlal
Trog
Vehumet


Innate Abilities, Weirdness & Mutations

A meltable shield of frost defends you. (SH +4)


Message History

Moving in this stuff is going to be slow.
You enter the shallow water.
Moving in this stuff is going to be slow.
There is a gate leading back out of this place here.
Welcome back to the Dungeon!
There is a collapsed entrance here.
You enter the shallow water.
Moving in this stuff is going to be slow.
There is an open door here.
Found a stone staircase leading down.
There is a stone staircase leading down here.
Found a bloodstained altar of Trog.
Found a stone staircase leading down.
There is a stone staircase leading down here.
Found a mace.
You see here a +0 mace.
You see here a staff of cold.
You see here a +0 short sword.
x - 4 fizzy blue potions (gained 1)
An ogre comes into view. It is wielding a +0 giant club.
Found 11 gold pieces.
You hit the ogre.
The ogre is lightly wounded.
You block the ogre's attack.
You slash the ogre!
The ogre is moderately wounded.
You block the ogre's attack.
You barely miss the ogre.
The ogre is moderately wounded.
The ogre closely misses you.
You barely miss the ogre.
The ogre is moderately wounded.
The ogre hits you with a +0 giant club!!
Ouch! That really hurt!
You are too injured to fight recklessly!
You are too injured to fight recklessly!
You hit the ogre.
The ogre is severely wounded.
The ogre hits you with a +0 giant club!!
You die...

.. . .# #. ..# ##.#
#.### # #...#
#...##.# ##
##..#.###.#..... ...
.......#........#...
...
.##......@O..$.....
#.#
#.##.>###.#.#####.#
#.#
#.##..###.........#
#.#
#........<......#)#
#.#
#.##.)#####.###.# #.
#.#####.##..# #...#
#.# .. ........##..#
#.### #.# .#
........#...###.#
#.# #.#
######.......##.#
#.# #.##


You could see an ogre.

Vanquished Creatures
  Menkaure (D:4)
  A scorpion (D:4)
  A hound (D:4)
  A gnoll (D:1)
  9 adders
  6 river rats (Sewer)
  4 worms
  4 dart slugs
  2 orcs
  11 endoplasms
  6 giant cockroaches
  7 goblins
  2 hobgoblins
  2 jackals (Sewer)
  4 kobolds
  4 quokkas
  10 ball pythons
  14 bats
  4 frilled lizards
  12 rats
105 creatures vanquished.

Notes
Turn   | Place    | Note
-------+----------+-------------------------------------------
     0 | D:1      | LustLizard the Demonspawn Fighter began the quest for the
                  | Orb.
     0 | D:1      | Reached XP level 1. HP: 18/18 MP: 1/1
   252 | D:1      | Gained mutation: A meltable shield of frost defends you.
                  | (SH +4) [demonic ancestry]
   252 | D:1      | Reached XP level 2. HP: 24/24 MP: 2/2
   487 | D:1      | Found a faded altar of an unknown god.
   784 | D:1      | Reached XP level 3. HP: 29/29 MP: 3/3
  1009 | D:2      | Found an iron altar of Okawaru.
  1052 | D:2      | Became a worshipper of Warmaster Okawaru
  1470 | D:2      | Reached XP level 4. HP: 35/35 MP: 4/4
  2618 | D:3      | Found a radiant altar of Vehumet.
  3047 | D:4      | Noticed Menkaure
  3054 | D:4      | Killed Menkaure
  3054 | D:4      | Reached * piety under Okawaru
  3055 | D:4      | Reached XP level 5. HP: 12/42 MP: 5/5
  3112 | D:4      | Found a stormy altar of Qazlal.
  3127 | D:4      | Reached XP level 6. HP: 26/48 MP: 6/6
  3229 | D:4      | Found a glowing drain.
  3257 | Sewer    | Entered a sewer
  4597 | D:4      | Found a bloodstained altar of Trog.
  4784 | D:4      | Slain by an ogre

Illustrated notes

Levels and vault maps discovered:
D:1:      ncdulo_halloftheorcs, layout_basic, hellmonk_ecumenical_altar_run_dry
D:2:      kennysheep_six_static_rooms, layout_loops_corners, basic_altar,
          minmay_rat_gold_closets
D:3:      minmay_evil_eye, layout_basic, mainiacjoe_overflow_alcove_1
D:4:      layout_loops_ring, nicolae_qazlal_scattered_showers, trog_wizard,
          gup_sewer_entry_glass, uniq_menkaure

Skill      XL: |  1  2  3  4  5  6 |
---------------+-------------------+-----
Long Blades    | 2 3 4 |  4.4
Armour         | 3 |  3.9
Shields        | 3 4 |  4.0
Fighting       | 4 |  4.3

Action                   |  1- 3 |  4- 6 || total
-------------------------+-------+-------++-------
Melee: Long sword        |   117 |   269 ||   386
Throw: Dart              |     2 |     4 ||     6
Invok: Heroism           |       |     2 ||     2
  Use: Scroll            |       |     1 ||     1
       Potion            |       |     1 ||     1
Armor: Scale mail        |    35 |       ||    35
       Chain mail        |    17 |   157 ||   174
Dodge: Dodged            |    42 |    77 ||   119
Block: Buckler           |    52 |   149 ||   201
